 Dungeon Crawl Stone Soup version 0.19-a0-1168-g98094fc (webtiles) character file.

23045 Aquadorian the Severer (level 12, -6/90 HPs)
             Began as a Minotaur Fighter on Aug 15, 2016.
             Was a High Priest of Okawaru.
             Mangled by a harpy (14 damage)
             ... summoned by Kirke
             ... on level 4 of the Lair of Beasts.
             The game lasted 01:21:26 (14503 turns).

Aquadorian the Severer (Minotaur Fighter)          Turns: 14503, Time: 01:21:26

Health: -6/90      AC:  0    Str: 21    XL:     12   Next: 68%
Magic:  11/11      EV: 13    Int:  5    God:    Okawaru [*****.]
Gold:   921        SH:  0    Dex: 15    Spells: 0 memorised, 11 levels left

rFire  . . .     SeeInvis .     (weapon currently unavailable)
rCold  . . .     Gourm    +     (armour currently unavailable)
rNeg   . . .     Faith    .     (shield currently unavailable)
rPois  .         Spirit   .     (helmet currently unavailable)
rElec  .         Dismiss  .     (cloak currently unavailable)
rCorr  .         Reflect  .     (gloves currently unavailable)
MR     .....     Harm     .     (boots currently unavailable)
Stlth  ++........ Rnd*Tele +    L - amulet of the gourmand
                                (ring currently unavailable)
                                (ring currently unavailable)

@: pig-form, very quick
A: (retaliatory headbutt), (claws 0), (horns 0), blurry vision 1, teleportitis
1, wild magic 1
a: Heroism, Finesse, Renounce Religion


You were on level 4 of the Lair of Beasts.
You worshipped Okawaru.
Okawaru was extremely pleased with you.
You were completely stuffed.
You were a filthy swine.
You visited 3 branches of the dungeon, and saw 15 of its levels.
You also visited: Ossuary and Ice Cave.

You collected 921 gold pieces.

Inventory:

Hand Weapons
 D - a +3 battleaxe (melded)
 P - a +0 battleaxe of freezing
 X - a +4 scimitar of flaming
Armour
 e - a +0 pair of boots (melded)
 h - a +1 pair of gloves (melded)
 p - the +2 ring mail "Ityzxic" {rElec rN+}
   (You found it on level 7 of the Dungeon)

   It insulates you from electricity.
   It protects you from negative energy.
 V - a +2 chain mail of cold resistance (melded)
 Y - a +0 cloak (melded)
Jewellery
 F - a +5 ring of strength (melded)
 L - an amulet of the gourmand (around neck)
 M - the ring "Ewoisk" (melded) {Fire Slay+5}
   (You found it on level 5 of the Dungeon)

   [ring of fire]

   It enhances your fire magic.
   It affects your accuracy and damage with ranged weapons and melee attacks
   (+5).
   It protects you from fire.
   It makes you vulnerable to cold.
Wands
 s - a wand of slowing (18/48)
Scrolls
 c - 2 scrolls of enchant weapon
 g - 2 scrolls of recharging
 l - a scroll of blinking
 m - 2 scrolls of immolation
 o - 6 scrolls of remove curse
 r - 4 scrolls of teleportation
 t - 3 scrolls of fog
 y - 2 scrolls of identify
 B - 4 scrolls of enchant armour
 K - 2 scrolls of fear
Potions
 a - a potion of invisibility {unknown}
 b - a potion of resistance
 d - 3 potions of might
 j - 5 potions of agility
 k - 4 potions of flight
 n - 3 potions of lignification
 w - 2 potions of brilliance
 x - 2 potions of haste
 G - a potion of magic
 H - 2 potions of curing
 I - 2 potions of ambrosia
 S - a potion of heal wounds
Comestibles
 f - 9 bread rations
 i - 9 beef jerkies
 q - a chunk of flesh
 u - 11 meat rations
 A - a royal jelly
 C - 10 fruits
 Q - 10 slices of pizza


   Skills:
 - Level 3.6 Fighting
 + Level 19.8 Axes
 + Level 13.6 Armour
   Level 3.6 Shields


You had 11 spell levels left.
You didn't know any spells.

Dungeon Overview and Level Annotations

Branches:
Dungeon (10/15)            Temple (1/1) D:7            Lair (4/6) D:10
 Shoals (0/4) Lair:2       Spider (0/4) Lair:4
    Orc: D:9-12

Altars:
Ashenzari
Cheibriados
Dithmenos
Gozag
Hepliaklqana
Kikubaaqudgha
Makhleb
Nemelex Xobeh
Okawaru
Pakellas
Qazlal
Trog
Uskayaw
Vehumet
Xom
Yredelemnul
Zin
The Shining One

Annotations:
Lair:4 Kirke


Innate Abilities, Weirdness & Mutations

((You reflexively headbutt those who attack you in melee.))
((You have a pair of horns on your head.))
((You have sharp fingernails.))
Scrolls take you a little longer to read.
You are occasionally teleported next to monsters.
Your spells are a little harder to cast, but a little more powerful.


Message History

Kirke splashes a potion.
The redback barely misses you.
The harpy screeches!
The harpy barely misses you. x2
The harpy completely misses you. The harpy closely misses you.
The harpy screeches!
The harpy closely misses you. The harpy claws you!
* * * LOW HITPOINT WARNING * * *
The harpy screeches!
The harpy claws you!!
* * * LOW HITPOINT WARNING * * *
The harpy closely misses you.
The harpy screeches!
The harpy closely misses you. x2
You feel much better.
The harpy screeches!
The harpy claws you!
* * * LOW HITPOINT WARNING * * *
The harpy claws you!
You die...

##....# ..>..# #..##P# #...# ###
##.#### ####≈≈≈##.P##
#..######### ##...........#
##.+#.......# #............#
##...........####............##
#.......:...+...†#............#
.............>..[#...^†......# .
.P..........P##.hH..@........#..#
##..........#####s.............#
#..........# ##..h.h......###
#.##...##..## ##..#.....##.# ##
###.##### ####........# ###
####.....# ......P# ........#
.........


You could see Kirke, a harpy, 2 hogs and a redback.

Vanquished Creatures
  2 hydras
  Erica (D:9)
  2 tengu warriors (D:9)
  2 hill giants
  An ugly thing (IceCv)
  Joseph (D:8)
  2 black mambas (Lair:3)
  Maurice (D:9)
  7 spiny frogs
  3 komodo dragons
  2 trolls (D:9)
  3 jumping spiders (Lair:4)
  A two-headed ogre (D:9)
  13 blink frogs
  A spriggan (Lair:2)
  A redback (Lair:4)
  8 yaks
  A wraith (Ossuary)
  3 hogs (Lair:4)
  A human (D:7)
  2 hungry ghosts (D:8)
  A mottled dragon (D:9)
  7 water moccasins
  A giant eyeball (D:9)
  8 porcupines
  A sky beast (D:6)
  7 ice beasts
  4 black bears
  5 orc warriors
  9 wolves (Lair:3)
  2 phantoms
  3 ogres
  2 centaurs
  7 crocodiles
  2 big kobolds (D:9)
  10 giant frogs
  A water moccasin skeleton (D:8)
  5 scorpions
  4 killer bees (D:9)
  4 wights (D:6)
  3 howler monkeys (D:8)
  2 crimson imps
  3 jellies
  2 quasits
  2 giant frog zombies
  7 orc priests
  6 hounds
  7 orc wizards
  A giant frog skeleton (D:6)
  2 iguanas
  Natasha (D:3)
  6 worker ants
  6 sheep
  A hound skeleton (D:9)
  A mummy (Ossuary)
  3 gnolls (D:6)
  17 river rats
  17 adders
  2 shadow imps
  4 oozes
  An adder zombie (D:5)
  An adder skeleton (D:10)
  A worm (D:2)
  3 dart slugs
  4 giant geckos
  24 orcs
  A giant cockroach (D:3)
  6 goblins
  4 hobgoblins
  3 jackals
  3 quokkas
  4 ball pythons
  21 bats
  8 giant newts
  10 gnoll skeletons (Ossuary)
  10 kobolds
  4 kobold skeletons (Ossuary)
  11 orc skeletons (Ossuary)
  13 rats
  4 fungi
370 creatures vanquished.

Vanquished Creatures (others)
  3 fungi
3 creatures vanquished.

Grand Total: 373 creatures vanquished

Notes
Turn   | Place    | Note
-------+----------+-------------------------------------------
     0 | D:1      | Aquadorian the Minotaur Fighter began the quest for the Orb.
     0 | D:1      | Reached XP level 1. HP: 19/19 MP: 0/0
   252 | D:1      | Reached skill level 3 in Axes
   340 | D:1      | Reached XP level 2. HP: 26/26 MP: 1/1
   469 | D:1      | Found a shattered altar of Ashenzari.
   476 | D:1      | Reached skill level 4 in Axes
   476 | D:1      | Reached XP level 3. HP: 31/31 MP: 2/2
   903 | D:2      | Found an oddly glowing altar of Pakellas.
  1016 | D:2      | Reached skill level 5 in Axes
  1081 | D:2      | Reached XP level 4. HP: 39/39 MP: 3/3
  1616 | D:3      | Reached skill level 6 in Axes
  1764 | D:3      | Reached XP level 5. HP: 45/45 MP: 4/4
  1794 | D:3      | Noticed Natasha
  1802 | D:3      | Killed Natasha
  2434 | D:4      | Reached skill level 7 in Axes
  2450 | D:4      | Reached XP level 6. HP: 10/51 MP: 5/5
  3165 | D:4      | Found a shimmering altar of Xom.
  3236 | D:5      | Entered Level 5 of the Dungeon
  3355 | D:5      | Noticed an ice beast
  3363 | D:5      | Killed an ice beast
  3363 | D:5      | Reached skill level 8 in Axes
  3580 | D:5      | Found a shadowy altar of Dithmenos.
  3716 | D:5      | Got a shimmering wooden ring
  3718 | D:5      | Identified the ring "Ewoisk" {Fire Slay+5} (You found it on level 5 of the Dungeon)
  3843 | D:5      | Reached skill level 9 in Axes
  3843 | D:5      | Reached XP level 7. HP: 57/57 MP: 6/6
  4179 | D:6      | Reached skill level 10 in Axes
  4299 | D:6      | Reached skill level 11 in Axes
  4334 | D:6      | Reached XP level 8. HP: 64/64 MP: 7/7
  4492 | D:6      | Found a glowing golden altar of the Shining One.
  4656 | D:6      | Reached skill level 12 in Axes
  4988 | D:7      | Reached skill level 13 in Axes
  5037 | D:7      | Found a sand-covered staircase.
  5044 | Ossuary  | Entered an ossuary
  5316 | D:7      | Reached XP level 9. HP: 60/70 MP: 8/8
  5320 | D:7      | Reached skill level 14 in Axes
  5653 | D:7      | Found a staircase to the Ecumenical Temple.
  5657 | Temple   | Entered the Ecumenical Temple
  5754 | Temple   | Became a worshipper of Warmaster Okawaru
  5973 | D:7      | Got a dazzling ring mail
  5984 | D:7      | Identified the +2 ring mail "Ityzxic" {rElec rN+} (You found it on level 7 of the Dungeon)
  6291 | D:8      | Reached * piety under Okawaru
  6291 | D:8      | Reached skill level 15 in Axes
  6552 | D:8      | Noticed Joseph
  6564 | D:8      | Killed Joseph
  6854 | D:8      | Reached skill level 16 in Axes
  7240 | D:9      | Reached XP level 10. HP: 75/77 MP: 9/9
  7247 | D:9      | Noticed Erica
  7251 | D:9      | Reached ** piety under Okawaru
  7261 | D:9      | Killed Erica
  7261 | D:9      | Reached skill level 5 in Armour
  7275 | D:9      | Reached *** piety under Okawaru
  7291 | D:9      | Noticed a hill giant
  7298 | D:9      | Killed a hill giant
  7468 | D:9      | Reached skill level 17 in Axes
  7616 | D:9      | HP: 5/115 [orc warrior/dire flail (4)]
  7882 | D:9      | Noticed Maurice
  7889 | D:9      | Killed Maurice
  7889 | D:9      | Reached **** piety under Okawaru
  8079 | D:9      | Reached XP level 11. HP: 82/82 MP: 10/10
  8522 | D:10     | Entered Level 10 of the Dungeon
  8594 | D:10     | Noticed a tengu warrior
  8598 | D:10     | Noticed a tengu warrior
  8720 | D:9      | Killed a tengu warrior
  8810 | D:9      | Killed a tengu warrior
  8810 | D:9      | Reached ***** piety under Okawaru
  9184 | D:10     | Noticed a hill giant
  9195 | D:10     | Killed a hill giant
  9195 | D:10     | Received a gift from Okawaru
  9195 | D:10     | Reached skill level 10 in Armour
  9252 | D:10     | Reached skill level 18 in Axes
  9366 | D:10     | Found a staircase to the Lair.
  9405 | Lair:1   | Entered Level 1 of the Lair of Beasts
 11088 | Lair:2   | Found a staircase to the Shoals.
 11503 | Lair:2   | Noticed a six-headed hydra
 11510 | Lair:2   | Killed a three-headed hydra
 12147 | Lair:3   | Reached XP level 12. HP: 90/90 MP: 11/11
 12253 | Lair:3   | Found a frozen archway.
 12290 | Lair:3   | Reached skill level 19 in Axes
 12304 | IceCv    | Entered an ice cave
 12313 | IceCv    | HP: 3/90 [white ugly thing (21)]
 12803 | Lair:3   | Noticed a five-headed hydra
 12809 | Lair:3   | Killed a two-headed hydra
 13831 | Lair:4   | Noticed Kirke
 13841 | Lair:4   | Gained mutation: You are occasionally teleported next to monsters. [potion of mutation]
 13841 | Lair:4   | Gained mutation: Scrolls take you a little longer to read. [potion of mutation]
 13841 | Lair:4   | Gained mutation: Your spells are a little harder to cast, but a little more powerful. [potion of mutation]
 13842 | Lair:4   | Gained mutation: You have sharp fingernails. [potion of beneficial mutation]
 13848 | Lair:4   | Noticed a sphinx
 14476 | Lair:4   | Found a hole to the Spider Nest.
 14500 | Lair:4   | HP: 1/90 [harpy[Kirke] (19)]
 14503 | Lair:4   | Mangled by a harpy

Vault maps used:
D:1:      roderic_crop_circles_arrival_small, minmay_misc_feat_rows,
          evilmike_ruin_ashenzari
D:2:      grunt_pakellas_basics
D:3:      uniq_natasha
D:4:      kennysheep_little_box, first_bread
D:5:      grunt_dithmenos_smoke_and_mirrors
D:6:      basic_altar
D:7:      chequers_ossuary_entry_cave, minmay_misc_feat_doors, grunt_livestock
D:8:      uniq_joseph
D:9:      onia_ninara_cookie, uniq_erica, uniq_maurice
D:10:     grunt_lair_entry_orc_guard_hut
Temple:   kilobyte_greek_temple
Lair:2:   elwin_shoals_entry_rocks, serial_bayou_pond_d,
          grunt_forest_large_clearing_hut
Lair:3:   portal_ice_cave_entry_pillars_1, minmay_stone_trees_medium
Lair:4:   nicolae_spider_entry_tight_spaces, st_stairs_7, uniq_nergalle,
          uniq_kirke
Ossuary:  ossuary_due_mausoleum
IceCv:    ice_cave_statue_garden_teleport

Skill      XL: |  1  2  3  4  5  6  7  8  9 10 11 12 |
---------------+-------------------------------------+-----
Axes           | 3 4 5 6 7 9 11 13 16 17 18 19 | 19.8
Armour         | 8 11 13 | 13.6
Fighting       | |  3.6
Shields        | |  3.6

Action                   |  1- 3 |  4- 6 |  7- 9 | 10-12 || total
-------------------------+-------+-------+-------+-------++-------
Melee: War axe           |    75 |   105 |    49 |       ||   229
       Headbutt          |    11 |    16 |    44 |    83 ||   154
       Battleaxe         |       |       |   155 |   401 ||   556
       Scimitar          |       |       |       |     7 ||     7
  Use: Scroll            |       |     1 |    13 |     6 ||    20
       Potion            |       |       |       |    12 ||    12
  Eat: Chunk             |     1 |     6 |    16 |    30 ||    53
       Fruit             |       |     1 |       |     2 ||     3
       Pizza             |       |     1 |       |       ||     1
Armor: Scale mail        |    38 |    40 |     3 |       ||    81
       Chain mail        |       |       |    46 |   100 ||   146
       Plate armour      |       |       |    25 |   146 ||   171
       Ring mail         |       |       |    18 |       ||    18
       Skin              |       |       |       |    22 ||    22
Dodge: Dodged            |    27 |    19 |    54 |   164 ||   264
Block: Shield            |    40 |    46 |    24 |       ||   110
